 Dungeon Crawl Stone Soup version 0.14-a0-1837-g7fb8695 (webtiles) character file.

191 Jenx the Poker (level 4, -2/33 HPs)
             Began as a Merfolk Skald on Jan 10, 2014.
             Was an Initiate of Ashenzari.
             Slain by an orc priest
             ... wielding a +1,+1 falchion of holy wrath
              (4 damage)
             ... on Level 3 of the Dungeon.
             The game lasted 00:07:35 (3174 turns).

Jenx the Poker (Merfolk Skald)                      Turns: 3174, Time: 00:07:36

HP  -2/33        AC  6     Str 14      XL: 4   Next: 44%
MP   0/7         EV  9     Int 17      God: Ashenzari [......]
Gold 108         SH  0     Dex 13      Spells:  3 memorised,  1 level left

rFire  . . .     SeeInvis .     a - +0 spear
rCold  . . .     Clarity  .     l - +1 ring mail
rNeg   . . .     Conserve .     (no shield)
rPois  .         rCorr    .     (no helmet)
rElec  .         rRot     .     (no cloak)
SustAb . .       Spirit   +     (no gloves)
rMut   .         Warding  .     (no boots)
Saprov . . .     Stasis   .     o - amulet of guardian spirit
                                (no ring)
                                t - +2 ring of strength

@: brilliant, very slightly contaminated, slightly resistant to hostile
enchantments, extremely unstealthy
A: change form in water, swift swim
a: Renounce Religion


You were on level 3 of the Dungeon.
You worshipped Ashenzari.
Ashenzari was noncommittal.
You were not hungry.

You visited 1 branch of the dungeon, and saw 3 of its levels.

You collected 108 gold pieces.

Inventory:

Hand weapons
 a - a +0,+0 spear (weapon)
Missiles
 g - 6 darts
 q - 4 poisoned darts (quivered)
 r - 10 silver darts
Armour
 b - a +0 leather armour
 l - a +1 ring mail (worn)
Comestibles
 d - 4 bread rations
 z - a chunk of rat flesh
 A - 3 rotting chunks of hobgoblin flesh
Scrolls
 e - a scroll of identify
 f - a scroll of blinking
 h - a scroll of enchant weapon I {unknown}
 k - 2 scrolls of enchant armour {unknown}
 m - a scroll of random uselessness {unknown}
 p - 4 scrolls of fear {unknown}
 u - a scroll of teleportation {unknown}
 v - a scroll of remove curse
 x - a scroll of fog {unknown}
Jewellery
 o - an amulet of guardian spirit (around neck)
 t - a +2 ring of strength (left hand)
Potions
 i - 2 potions of brilliance
 j - a potion of flight
 n - a potion of might {unknown}
 w - a potion of magic {unknown}
Books
 c - a book of Battle

   Spells                             Type                      Level
   *Infusion                          Charms                       1
   *Shroud of Golubria                Charms/Translocation         2
   Song of Slaying                    Charms                       2
   *Spectral Weapon                   Hexes/Charms                 3
   Regeneration                       Charms/Necromancy            3


   Skills:
 - Level 2.1 Fighting
 * Level 6.6 Polearms
 - Level 0.6 Armour
 - Level 1.3 Dodging
 - Level 2.0 Spellcasting
 - Level 3.2 Charms


You had one spell level left.
You knew the following spells:

 Your Spells              Type           Power        Failure   Level  Hunger
a - Infusion              Chrm           ###...       1%          1    #......
b - Shroud of Golubria    Chrm/Tloc      ###.......   2%          2    ###....
c - Spectral Weapon       Hex/Chrm       ###.....     4%          3    ####...


Dungeon Overview and Level Annotations

Branches:
Dungeon (3/16)

Altars:
Ashenzari
Elyvilon
Kikubaaqudgha

Annotations:
D:3 1 exclusion, Sigmund


Message History

Drink which item? (? for menu, Esc to quit)
You feel better.
The orc priest becomes somewhat translucent.
You hit the orc priest.
The orc priest is severely wounded.
You closely miss the orc priest.
The orc priest is severely wounded.
Your shroud unravels.
The orc priest invokes the aid of Beogh against you.
Something smites you!
* * * LOW HITPOINT WARNING * * *
You closely miss the orc priest.
The orc priest is severely wounded.
The orc priest calls down the wrath of Beogh upon you.
Pain shoots through your body!
* * * LOW HITPOINT WARNING * * *
You barely miss the orc priest.
The orc priest is severely wounded.
The orc priest hits you with an uncursed falchion of holy wrath.
You die...

#.###.# ##...#
#..## #..#
#..#### ###.....#
#...###.# #.### #
#@# #o# ## ##o##
....##...####.##.
#..........o...o
#.###...#####.#.#
##....o..oo..
#.######.... #.#


You could see an orc priest and an orc.

Vanquished Creatures
  Jessica (D:2)
  An adder (D:2)
  3 orcs (D:3)
  A ball python (D:2)
  2 giant cockroaches
  3 goblins
  7 hobgoblins
  11 kobolds
  A quokka (D:3)
  4 bats
  2 giant geckos
  2 giant newts
  4 jackals (D:2)
  9 rats
51 creatures vanquished.

Notes
Turn   | Place    | Note
--------------------------------------------------------------
     0 | D:1      | Jenx, the Merfolk Skald, began the quest for the Orb.
     0 | D:1      | Reached XP level 1. HP: 16/16 MP: 3/3
   545 | D:1      | Reached skill level 4 in Polearms
   545 | D:1      | Reached XP level 2. HP: 22/22 MP: 4/4
   563 | D:1      | Learned a level 2 spell: Shroud of Golubria
  1256 | D:2      | Reached XP level 3. HP: 20/27 MP: 6/6
  1275 | D:2      | Learned a level 3 spell: Spectral Weapon
  1294 | D:2      | Reached skill level 5 in Polearms
  2058 | D:2      | Noticed Jessica
  2065 | D:2      | Killed Jessica
  2065 | D:2      | Reached skill level 6 in Polearms
  2076 | D:2      | Reached XP level 4. HP: 8/33 MP: 7/7
  2134 | D:2      | HP: 1/33 [poisoned by an adder]
  2551 | D:2      | Found a shattered altar of Ashenzari.
  2555 | D:2      | Became a worshipper of Ashenzari the Shackled
  2559 | D:2      | Found an ancient bone altar of Kikubaaqudgha.
  2562 | D:2      | Found a white marble altar of Elyvilon.
  2880 | D:3      | Noticed a centaur
  2881 | D:3      | Noticed a centaur
  2882 | D:3      | Noticed a centaur
  2887 | D:3      | Noticed Sigmund
  3174 | D:3      | Slain by an orc priest

Action                   |  1- 3 |  4- 6 || total
-------------------------+-------+-------++-------
Melee: Spear             |   151 |    66 ||   217
Throw: Dart              |     4 |       ||     4
 Cast: Shroud of Golubri |       |     2 ||     2
  Use: Scroll            |     4 |     1 ||     5
       Potion            |       |     4 ||     4
